 Dungeon Crawl Stone Soup version 0.29-a0-824-gd827844252 (webtiles) character file.

Game seed: 16433825941074198456

1759759 trainingmontage the Acrobat (level 27, 222/222 HPs)
             Began as a Djinni Fire Elementalist on July 8, 2022.
             Was a High Priest of Ashenzari.
             Escaped with the Orb
             ... and 3 runes on July 10, 2022!
             The game lasted 07:14:45 (61337 turns).

trainingmontage the Acrobat (DjFE)                 Turns: 61337, Time: 07:14:46

Health: 222/222    AC: 12    Str:  7    XL:     27
Gold:   7471       EV: 42    Int: 26    God:    Ashenzari [*****.] SH:  0 Dex: 25

rFire   + + +      SeeInvis +   Z - +9 heavy crossbow "Sniper" {vorpal, Acc+∞ SInv, Range, Cun} (curse)
rCold   . . .      Faith    .   (shield currently unavailable)
rNeg    . . .      Spirit   .   q - +2 robe of Ashenzari's Oblivion {rC+ rF+, Range, Cun} (curse)
rPois   ∞          Reflect  .   s - +2 helmet of the Eternal Ether {Int+3, Range, Cun} (curse)
rElec   .          Harm     .   U - +2 cloak {Stlth+}
rCorr   .          Rampage  .   o - +2 pair of gloves of the Eternal Shame {Dex+3, Self, Range} (curse)
Will    +++..      Clarity  +   (boots unavailable)
Stlth   ++........              K - amulet of the Chained Sky {Regen+, Self, Cun} (curse)
HPRegen 1.27/turn               W - ring "Gnostic Fetters" {Will+, Evo, Fort} (curse)
MPRegen 0.00/turn               n - ring of the Revealing Moon {EV+4, Evo, Melee} (curse)

@: flying
A: sickness immunity, fire resistance 2, cold vulnerability 1, float, innate
caster, HP casting, extra vitality 1, deformed body, devolution 1
0: Orb of Zot
}: 3/15 runes: serpentine, barnacled, silver
a: Renounce Religion, Shatter the Chains


You escaped.
You worshipped Ashenzari.
Ashenzari was extremely pleased with you.
You visited 11 branches of the dungeon, and saw 52 of its levels.
You also visited: Volcano.

You collected 8167 gold pieces.
You spent 696 gold pieces at shops.

Inventory:

Hand Weapons
 Z - the cursed +9 heavy crossbow "Sniper" (weapon) {vorpal, Acc+∞ SInv, Range, Cun}
   (You found it on level 3 of the Elven Halls)

   Any ammunition fired from it inflicts extra damage upon your enemies.
   Any ammunition fired from it never misses its target.
   SInv:      It lets you see invisible.
   It has a curse which improves the following skills: Ranged Combat: Ranged
   Weapons and Throwing.
   Cunning:   Dodging and Stealth.
Missiles
 c - 6 throwing nets
 E - 12 silver javelins
 Q - 12 curare-tipped darts
Armour
 o - the cursed +2 pair of gloves of the Eternal Shame (worn) {Dex+3, Self, Range}
   (You acquired it on level 2 of the Dungeon)

   It has a curse which improves the following skills: Introspection: Fighting
   and Spellcasting.
   Ranged Combat: Ranged Weapons and Throwing.
 q - the cursed +2 robe of Ashenzari's Oblivion (worn) {rC+ rF+, Range, Cun}
   (You took it off Josephine on level 13 of the Dungeon)

   It has a curse which improves the following skills: Ranged Combat: Ranged
   Weapons and Throwing.
   Cunning:   Dodging and Stealth.
 s - the cursed +2 helmet of the Eternal Ether (worn) {Int+3, Range, Cun}
   (You found it on level 5 of the Vaults)

   It has a curse which improves the following skills: Ranged Combat: Ranged
   Weapons and Throwing.
   Cunning:   Dodging and Stealth.
 U - a +2 cloak of stealth (worn)
Jewellery
 n - the cursed ring of the Revealing Moon (right hand) {EV+4, Evo, Melee}
   (You found it on level 5 of the Dungeon)

   [ring of evasion]

   EV:        It affects your evasion (+4).
   It has a curse which improves the following skills: Evocations: Evocations.
   Melee Combat: Short Blades, Long Blades, Axes, Maces & Flails, Polearms,
   Staves and Unarmed Combat.
 p - a +4 ring of protection
 u - a ring of wizardry
 J - a ring of resist corrosion
 K - the cursed amulet of the Chained Sky (around neck) {Regen+, Self, Cun}
   (You bought it in a shop on level 5 of the Dungeon)

   [amulet of regeneration]

   Regen:     It increases your rate of health regeneration.
   It has a curse which improves the following skills: Introspection: Fighting
   and Spellcasting.
   Cunning:   Dodging and Stealth.
 T - a ring of ice
 V - the ring "Jaimiom" {rN+ Int+4 Dex-2 Slay+6}
   (You found it on level 3 of the Crypt)

   [ring of positive energy]

   Int:       It affects your intelligence (+4).
   Dex:       It affects your dexterity (-2).
   Slay:      It affects your accuracy & damage with ranged weapons and melee
   (+6).
   rN:        It protects you from negative energy.
 W - the cursed ring "Gnostic Fetters" (left hand) {Will+, Evo, Fort}
   (You found it on level 9 of the Dungeon)

   [ring of willpower]

   Will:      It increases your willpower.
   It has a curse which improves the following skills: Evocations: Evocations.
   Fortitude: Armour and Shields.
Wands
 a - a wand of charming (28)
 b - a wand of digging (9)
 y - a wand of iceblast (41)
 D - a wand of quicksilver (26)
 S - a wand of polymorph (20)
Scrolls
 e - 7 scrolls of silence
 h - 16 scrolls of poison
 j - 14 scrolls of vulnerability
 l - 7 scrolls of fog
 m - 4 scrolls of enchant armour
 r - 10 scrolls of immolation
 t - 6 scrolls of blinking
 x - 19 scrolls of teleportation
 F - 5 scrolls of fear
 L - 2 scrolls of summoning
 O - 4 scrolls of torment
 P - a scroll of magic mapping
Potions
 d - 31 potions of curing
 f - 2 potions of resistance
 g - 11 potions of attraction
 i - 14 potions of lignification
 k - 15 potions of might
 v - 10 potions of brilliance
 w - 12 potions of heal wounds
 A - 11 potions of cancellation
 G - 11 potions of berserk rage
 I - 10 potions of mutation
 N - 6 potions of invisibility
 R - 3 potions of haste
 X - 6 potions of ambrosia
Miscellaneous
 B - a condenser vane
 C - a box of beasts
 H - a phantom mirror
 M - a phial of floods
 Y - a tin of tremorstones (2/2)


   Skills:
 + Level 22.6(25.6) Fighting
 * Level 22.8(27) Ranged Weapons
 - Level 2.2(4.0) Armour
 - Level 24.6(27) Dodging
 - Level 1.5(4.9) Stealth
 + Level 18.7(21.9) Spellcasting
 - Level 7.6(11.1) Evocations


You couldn't memorise any spells.
You knew the following spells:

 Your Spells              Type           Power      Damage    Failure   Level
a - Foxfire               Conj/Fire      100%       2x1d9     0%          1
b - Scorch                Fire           100%       2d10      0%          2
c - Conjure Flame         Conj/Fire      97%        6-21      0%          3
d - Inner Flame           Hex/Fire       97%        N/A       0%          3
e - Flame Wave            Conj/Fire      97%        2d16      0%          4
f - Necrotise             Necr           100%       1d9       0%          1
g - Poisonous Vapours     Pois/Air       100%       N/A       0%          2
h - Static Discharge      Conj/Air       97%        3-16/arc  0%          2
i - Sticky Flame          Conj/Fire      97%        2d11      0%          4
j - Yara's Violent Unrav  Hex/Tmut       48%        3d19      0%          5
k - Borgnjor's Vile Clut  Necr/Erth      48%        N/A       0%          5
l - Statue Form           Tmut/Erth      64%        N/A       1%          6
m - Summon Hydra          Summ           48%        N/A       1%          7
n - Iron Shot             Conj/Erth      48%        9d9       1%          6
o - Spellforged Servitor  Conj/Summ      48%        N/A       1%          7
p - Discord               Hex            48%        N/A       1%          8
q - Borgnjor's Revivific  Necr           48%        N/A       1%          8
r - Death's Door          Necr           48%        N/A       17%         9
Your spell library was empty.

Dungeon Overview and Level Annotations

Branches:
Dungeon (15/15)            Temple (1/1) D:4            Lair (6/6) D:10
 Shoals (4/4) Lair:4        Snake (4/4) Lair:2        Slime (0/5) Lair:5
    Orc (2/2) D:10            Elf (3/3) Orc:2        Vaults (5/5) D:13
  Crypt (3/3) Vaults:2       Tomb (0/3) Crypt:3      Depths (4/4) D:15
    Zot (5/5) Depths:4    Volcano (visited)

Altars:
Ashenzari
Cheibriados
Dithmenos
Elyvilon
Fedhas
Gozag
Hepliaklqana
Makhleb
Nemelex Xobeh
Okawaru
Qazlal
Ru
Trog
Uskayaw
Wu Jian
Xom
Yredelemnul
Zin
The Shining One
Jiyva

Shops:
D:4 (   D:5 =   D:9 :   D:10 [   D:11 (   Orc:2 ([!(   Elf:3 !   Shoals:3 !
Snake:1 :   Snake:2 !   Snake:4 ::=   Vaults:5 ?   Zot:5 *   Depths:1 *(

Portals:
Hell: Depths:1 Depths:2 Depths:3 Depths:4
Abyss: Depths:2 Depths:3
Pandemonium: Depths:2 Depths:3
Ziggurat: Depths:4
Trove: D:11 (show abyssal rune of Zot)

Annotations:
D:10 1 transporter, sammy202020's ghost, journeyman MiFi
D:11 1 runed translucent door, exclusion: door
D:13 4 exclusions
D:14 exclusion: storm dragon
D:15 Louise
Snake:1 2 transporters, Nikola; buhh's ghost, journeyman FeTm
Elf:2 Zenata
Vaults:2 2 runed translucent doors, zhov's ghost, adept FoFi
Crypt:2 exclusions: door, soul eater and 2 more exclusions, Khufu


Innate Abilities, Weirdness & Mutations

You are immune to sickness and miasma.
You are immune to poison.
Your flesh is very heat resistant. (rF++)
You are vulnerable to cold. (rC-)
You float through the air rather than walking.
You learn spells naturally, not from books.
Your magical power is your life essence.
You have superior vitality. (+4 MHP)
Armour fits poorly on your strangely shaped body.
You have hidden genetic defects.


Message History

The sun demon is severely wounded.
The sun demon completely misses you.
Your spellforged servitor gestures at the sun demon while chanting.
The iron shot hits the sun demon!!
The sun demon dies!
Cisett comes into view.
Cisett bellows, "I shall devour thy sanity!"
You see here a +2 demon whip of electrocution.
There is a stone staircase leading up here.
You fly upwards.
Your summoned ally is left behind.
There is a stone staircase leading down here.
(D) Dungeon (T) Temple (L) Lair (A) Shoals (P) Snake Pit (M) Slime Pits (O) Orcish Mines (E) Elven Halls (V) Vaults (C) Crypt (W) Tomb (U) Depths (H) Hell (Z) Zot
Where to? (Enter - D:1 @ (x,y), ? - help)
Things that are here:
a +0 scale mail; a +0 trident
There is a stone staircase leading up here.
You fly upwards.
There is a stone staircase leading down here.
You sense a monster nearby.
You feel yourself speed up.
(D) Dungeon (T) Temple (L) Lair (A) Shoals (P) Snake Pit (M) Slime Pits (O) Orcish Mines (E) Elven Halls (V) Vaults (C) Crypt (W) Tomb (U) Depths (H) Hell (Z) Zot
Where to? (Enter - D:1 @ (x,y), ? - help)
There is an open door here.
There is a stone staircase leading up here.
You fly upwards.
Your extra speed is starting to run out.
There is a stone staircase leading down here.
You sense a monster nearby.
You feel yourself slow down.
There is an open door here.
There is a staircase leading out of the dungeon here.
Okay, then.
You can't go down here!
You have escaped!

#.# #.#.# #.# #.#
#.# #.#.# #.# #.#
#.# #...# #.#####.#
#.# ##### #.......#
#.#### ######
#########
#.###########.#8.###
#.#####..........###
....###8..8..8...###
#.#...'.........@###
#.#####8..8..8...###
..#####..........###
..###########.#8.###
..### ###### #>###
##### #############
..^.........#


There were no monsters in sight!

Vanquished Creatures
  3 ancient liches
  2 orbs of fire (Zot:5)
  2 dread liches
  A Killer Klown (Zot:5)
  Saint Roka (Depths:3)
  5 caustic shrikes
  A curse toe (Zot:5)
  5 golden dragons
  2 electric golems (Zot:5)
  Mlioglotl (Shoals:1)
  Jorgrun (Shoals:1)
  4 tentacled monstrosities
  A deep elf blademaster (Elf:1)
  Asterion (Depths:2)
  A titan (Depths:2)
  18 Orb Guardians
  2 liches
  A deep elf master archer (Elf:3)
  Gastronok (Lair:2)
  A death cob (Zot:1)
  9 ancient champions
  5 sphinxes
  8 storm dragons
  2 shadow dragons
  4 tengu reavers
  2 draconian knights
  6 nagarajas (Snake:4)
  3 draconian monks
  3 revenants
  3 deep elf sorcerers
  2 frost giants
  4 fire giants
  2 iron dragons (Vaults:5)
  A ghost moth (Depths:4)
  An orc warlord (Vaults:3)
  2 draconian scorchers
  Aizul (Snake:1)
  2 deep elf elementalists (Elf:3)
  3 curse skulls (Crypt:1)
  12 vault wardens
  3 draconian shifters
  4 ghouls
  A quicksilver ooze (shapeshifter) (Vaults:5)
  11 ironbound preservers
  2 draconian annihilators
  9 ironbound thunderhulks
  3 war gargoyles
  23 very ugly things
  3 spriggan defenders
  13 stone giants
  2 green draconians (Zot:1)
  7 vampire knights
  14 dire elephants
  4 deep elf demonologists
  2 entropy weavers
  2 white draconians
  A deep elf annihilator (Vaults:5)
  4 purple draconians
  4 red draconians
  Nessos (D:15)
  8 spark wasps
  4 black draconians
  2 yellow draconians
  4 eidola
  A mummy priest (Crypt:1)
  6 deep elf death magi
  Snorg (Lair:3)
  2 crystal guardians
  10 ettins
  6 fire dragons
  12 yaktaur captains
  A quicksilver dragon zombie (Crypt:3)
  6 merfolk impalers
  A merfolk javelineer (Shoals:4)
  2 deep elf high priests (Vaults:5)
  4 great orbs of eyes
  14 jiangshi
  Josephine (D:13)
  A hell beast (Depths:1)
  3 rakshasas
  A great orb of eyes (shapeshifter) (Vaults:5)
  27 vault guards
  3 ice dragons
  A peacekeeper (Vaults:3)
  2 salamander tyrants
  2 hydras (shapeshifter)
  5 hydras
  5 boulder beetles
  A merfolk aquamancer (Shoals:4)
  4 spriggan air magi
  5 catoblepae
  A quicksilver dragon skeleton (Depths:2)
  2 spriggan skeletons
  8 ironbound frosthearts
  4 ogre magi
  6 anacondas
  7 two-headed ogres
  A satyr (Shoals:4)
  2 fenstrider witch skeletons
  3 merfolk avatars
  14 naga warriors
  17 centaur warriors
  3 deep troll shamans
  2 death knights
  2 alligator snapping turtles
  A tengu warrior (Depths:3)
  8 dancing weapons
  2 hell hogs (Depths:1)
  A deep troll earth mage (Depths:3)
  A titan zombie (D:15)
  5 orc high priests
  Urug (Lair:5)
  10 vampire magi
  4 naga sharpshooters
  5 spriggan berserkers
  8 death yaks
  3 deep elf knights
  7 sun demons
  2 soul eaters (Depths:1)
  5 shock serpents
  3 shadow wraiths
  2 iron trolls
  6 salamander mystics
  17 skeletal warriors
  An anaconda zombie (Crypt:3)
  11 sea snakes
  A storm dragon skeleton (Depths:2)
  2 shadow demons (Crypt:1)
  An orange crystal statue (Zot:5)
  3 flayed ghosts
  37 deep trolls
  An orb spider (shapeshifter) (Depths:4)
  5 naga ritualists
  6 wizards
  6 deep elf archers
  A glowing orange brain (Vaults:1)
  12 harpies
  A bog body (Crypt:2)
  2 necromancers
  4 orc knights (Vaults:3)
  2 nameless horrors
  15 ironbound convokers
  14 lindwurms
  18 deep elf pyromancers
  12 phantasmal warriors
  31 ugly things
  An iron giant skeleton (Crypt:1)
  A sphinx zombie (Crypt:2)
  13 fauns
  8 mana vipers
  19 deep elf zephyrmancers
  A sphinx skeleton (Crypt:1)
  An oklob plant (Shoals:2)
  An iron dragon zombie (D:15)
  25 salamanders
  2 orc sorcerers
  6 cyclopes
  A jorogumo zombie (Crypt:3)
  A fire giant zombie (Depths:2)
  21 manticores
  A manticore (shapeshifter) (Vaults:5)
  A frost giant skeleton (D:15)
  10 merfolk sirens
  27 elephants
  12 naga magi
  7 moths of wrath
  A stone giant skeleton (Crypt:2)
  30 black mambas
  A water nymph (Shoals:1)
  2 smoke demons (Depths:1)
  A molten gargoyle (Volcano)
  8 vault sentinels
  3 guardian serpents
  Joseph (D:7)
  A gargoyle (Volcano)
  2 torpor snails (Lair:6)
  A purple draconian zombie (Crypt:2)
  A naga skeleton (Crypt:3)
  15 cane toads
  4 kobold demonologists
  3 rime drakes
  An efreet (D:13)
  21 yaktaurs
  7 komodo dragons
  7 freezing wraiths
  A purple draconian skeleton (Crypt:1)
  5 tengu conjurers
  2 red devils
  A yellow draconian skeleton (Crypt:3)
  A pale draconian skeleton (Crypt:1)
  A grey draconian skeleton (Crypt:3)
  14 merfolk
  4 trolls
  3 guardian mummies (Crypt:3)
  5 wind drakes
  2 meliai (Lair:3)
  8 hornets
  2 polar bears
  An iron troll skeleton (Crypt:1)
  31 slime creatures
  9 snapping turtles
  A tarantella zombie (Crypt:2)
  27 blink frogs
  7 dream sheep
  A meliai zombie (Crypt:3)
  A frost giant simulacrum (Depths:2)
  A dream sheep (shapeshifter) (Depths:4)
  A guardian serpent skeleton (Crypt:3)
  2 vampires (Crypt:3)
  9 water elementals
  Eustachio (D:5)
  7 spriggans
  Sigmund (D:3)
  13 wraiths
  6 wyverns
  3 shadows
  A ynoxinul (D:4)
  A redback (Vaults:4)
  A fire elemental (Elf:1)
  3 basilisks
  5 fire bats
  31 yaks
  2 vampire mosquitoes (D:14)
  3 steam dragons
  A wind drake skeleton (Crypt:2)
  An acid dragon (D:10)
  48 nagas
  A hell hound (Volcano)
  21 water moccasins
  A floating eye (Depths:3)
  A floating eye (shapeshifter) (Vaults:5)
  An ice beast (D:8)
  18 orc warriors
  3 sky beasts
  2 black bears
  11 boggarts
  5 ogres
  20 wolves
  2 centaurs
  A blink frog skeleton (Crypt:2)
  8 kobold brigands
  4 necrophages
  12 bullfrogs
  An earth elemental (Elf:1)
  A gnoll sergeant (D:13)
  3 scorpions
  5 jellies
  8 wights
  A queen bee zombie (Crypt:3)
  A water moccasin skeleton (Crypt:1)
  30 killer bees
  6 howler monkeys
  A shapeshifter skeleton (Crypt:1)
  A yak skeleton (Crypt:2)
  4 lava snakes (Volcano)
  7 hounds
  22 orc priests
  Crazy Yiuf (D:3)
  An iguana (D:5)
  Terence (D:3)
  28 orc wizards
  A boggart zombie (Crypt:2)
  A hell rat (Lair:3)
  A boggart skeleton (Crypt:3)
  An acid dragon zombie (Crypt:1)
  A deep dwarf skeleton (Crypt:1)
  6 gnolls
  5 adders
  A shadow imp (D:5)
  A steam dragon skeleton (Crypt:1)
  2 white imps
  A dart slug (D:5)
  53 orcs
  6 bats
  9 endoplasms
  3 giant cockroaches
  5 goblins
  7 hobgoblins
  3 jackals (D:2)
  2 quokkas (D:3)
  7 ball pythons
  2 frilled lizards
  33 kobolds
  A kobold zombie (Crypt:3)
  9 rats
1667 creatures vanquished.

Vanquished Creatures (collateral kills)
  An orb of fire (Zot:5)
  A juggernaut (Depths:3)
  Boris (Crypt:3)
  2 Killer Klowns (Zot:5)
  A curse toe (Crypt:3)
  A caustic shrike (Depths:4)
  2 golden dragons (Depths:3)
  A bone dragon (Crypt:3)
  2 tentacled monstrosities (Vaults:5)
  A deep elf master archer (Elf:3)
  7 Orb Guardians
  3 deep elf blademasters
  A titan (Depths:2)
  2 ancient champions
  A sphinx (Vaults:4)
  Polyphemus (Shoals:3)
  An Executioner (D:13)
  2 shadow dragons
  3 storm dragons
  3 tengu reavers
  11 vault wardens
  4 fire giants
  4 deep elf sorcerers
  An iron dragon (Depths:3)
  2 balrugs
  6 frost giants
  A draconian scorcher (Zot:5)
  A ghoul (Crypt:1)
  A cacodemon (Depths:3)
  11 ironbound preservers
  A draconian stormcaller (Zot:1)
  A draconian shifter (Zot:5)
  11 stone giants
  19 very ugly things
  2 ironbound thunderhulks
  3 deep elf demonologists (Elf:3)
  2 vampire knights
  3 green draconians
  9 dire elephants
  2 black draconians
  2 purple draconians
  2 white draconians
  6 deep elf annihilators
  2 yellow draconians
  A red draconian (Depths:4)
  A crystal guardian (Vaults:1)
  2 merfolk javelineers
  3 spark wasps
  5 ettins
  4 deep elf death magi (Elf:3)
  3 jiangshi
  4 merfolk impalers
  2 deep elf high priests
  4 fire dragons
  2 yaktaur captains
  4 ice dragons
  12 vault guards
  2 peacekeepers
  A spriggan air mage (Depths:3)
  4 ironbound frosthearts
  2 merfolk avatars
  An anaconda (Snake:3)
  2 merfolk aquamancers (Shoals:4)
  2 death yaks (Shoals:3)
  3 centaur warriors (Vaults:1)
  5 dancing weapons (Elf:2)
  3 naga warriors
  3 deep troll shamans
  A deep troll earth mage (Depths:1)
  A satyr (Shoals:3)
  A titan zombie (Crypt:3)
  A vampire mage (Depths:2)
  An orc high priest (Crypt:1)
  3 spriggan berserkers
  2 deep elf knights (Elf:2)
  A hell knight (Depths:1)
  9 naga sharpshooters
  4 sun demons
  4 spriggans
  2 soul eaters
  An iron troll (Depths:1)
  A salamander mystic (Snake:2)
  10 skeletal warriors
  A sixfirhy (Depths:3)
  21 deep trolls
  A flayed ghost (Crypt:3)
  2 deep elf archers
  3 sea snakes (Shoals:4)
  3 lindwurms
  3 wizards
  2 deep elf pyromancers
  7 ironbound convokers
  3 phantasmal warriors
  9 harpies
  5 fauns
  6 deep elf zephyrmancers
  A manticore (Shoals:4)
  22 ugly things
  A moth of wrath (Zot:5)
  4 salamanders
  A cyclops (Shoals:4)
  A shining eye (shapeshifter) (Vaults:5)
  A guardian serpent (Snake:4)
  An eye of devastation (shapeshifter) (Vaults:5)
  3 vault sentinels
  An orange demon (Depths:3)
  2 smoke demons (Depths:1)
  A guardian mummy (Crypt:3)
  18 yaktaurs
  A queen bee (Lair:3)
  12 merfolk
  A snapping turtle (Shoals:4)
  4 hornets
  2 nameless horrors
  6 dream sheep
  13 slime creatures
  4 water elementals
  An air elemental (Elf:2)
  2 wraiths
  2 redbacks (Vaults:4)
  A steam dragon (Lair:3)
  5 nagas
  A black bear (shapeshifter) (Depths:2)
  A black bear (Lair:3)
  3 orc warriors (Depths:3)
  2 wolves (Lair:3)
  An ogre (Depths:3)
  4 killer bees (Lair:3)
  2 orc wizards (Depths:3)
  2 orcs (Depths:3)
454 creatures vanquished.

Vanquished Creatures (others)
  2 draconian scorchers
  A draconian stormcaller (Zot:1)
  2 draconian annihilators (Zot:1)
  A spark wasp (Depths:2)
  A yellow draconian (Zot:1)
  An ice dragon (Depths:3)
  A salamander tyrant (Snake:4)
  An orc priest (Depths:3)
  164 foxfires
  43 fungi
  135 plants
  19 withered plants
371 creatures vanquished.

Grand Total: 2492 creatures vanquished

Notes
Turn   | Place    | Note
-------+----------+-------------------------------------------
     0 | D:1      | trainingmontage the Djinni Fire Elementalist began the
                  | quest for the Orb.
     0 | D:1      | trainingmontage set off with the following spells
                  | memorised: Foxfire, Scorch, Conjure Flame, Inner Flame,
                  | Flame Wave.
     0 | D:1      | Reached XP level 1. HP: 15/15 MP: 0/0
   309 | D:1      | Reached XP level 2. HP: 18/21 MP: 0/0
   396 | D:1      | Found a faded altar of an unknown god.
  1104 | D:1      | Reached XP level 3. HP: 23/25 MP: 0/0
  1104 | D:1      | Learned a level 1 spell: Necrotise
  1761 | D:2      | Reached XP level 4. HP: 28/31 MP: 0/0
  2859 | D:2      | Identified 3 scrolls of acquirement
  2859 | D:2      | Acquired a +4 ring of evasion
  2861 | D:2      | Acquired the +8 sling of Iracux {speed, rPois rN++}
  2863 | D:2      | Acquired a +1 pair of gloves of dexterity
  2979 | D:3      | Noticed Terence
  3169 | D:3      | Noticed Sigmund
  3421 | D:3      | Found a runed translucent door.
  3422 | D:3      | Noticed Crazy Yiuf
  3796 | D:3      | Killed Terence
  3797 | D:3      | Reached skill level 1 in Fighting
  3797 | D:3      | Reached skill level 1 in Ranged Weapons
  3797 | D:3      | Reached XP level 5. HP: 35/37 MP: 0/0
  3797 | D:3      | Learned a level 2 spell: Poisonous Vapours
  3882 | D:4      | Found Plog's Antique Weapon Emporium.
  3995 | D:4      | Found a shimmering altar of Xom.
  4282 | D:4      | Found a staircase to the Ecumenical Temple.
  4334 | D:4      | You are sucked into a shaft and drop 3 floors!
  4360 | D:7      | Reached XP level 6. HP: 40/43 MP: 0/0
  4607 | D:5      | Entered Level 5 of the Dungeon
  4611 | D:5      | Reached XP level 7. HP: 50/50 MP: 0/0
  4611 | D:5      | Learned a level 2 spell: Static Discharge
  5128 | Temple   | Entered the Ecumenical Temple
  5165 | Temple   | Became a worshipper of Ashenzari the Shackled
  5300 | D:5      | Found Kymy's Jewellery Boutique.
  5318 | D:5      | Noticed Eustachio
  5476 | D:5      | Killed Eustachio
  5477 | D:5      | Reached XP level 8. HP: 56/58 MP: 0/0
  5654 | D:5      | Found a burning altar of Makhleb.
  5766 | D:5      | Found a hide-covered altar of Uskayaw.
  5775 | D:5      | Found a stormy altar of Qazlal.
  5954 | D:6      | Reached skill level 5 in Ranged Weapons
  6007 | D:6      | Identified the +9 quarterstaff of Moral Flaws {flame, Str+4
                  | Int+3}
  6079 | D:6      | Reached skill level 5 in Fighting
  6247 | D:6      | Found a sacrificial altar of Ru.
  6466 | D:5      | Bought an amulet of regeneration for 450 gold pieces
  6570 | D:6      | Found a hazy altar of Hepliaklqana.
  6571 | D:6      | Found a shadowy altar of Dithmenos.
  6571 | D:6      | Noticed a shadow
  6767 | D:6      | Reached skill level 5 in Spellcasting
  6767 | D:6      | Reached XP level 9. HP: 65/65 MP: 0/0
  6767 | D:6      | Learned a level 4 spell: Sticky Flame
  7314 | D:7      | Found a large runed translucent door.
  7315 | D:7      | Found a large runed translucent door.
  7324 | D:7      | Reached * piety under Ashenzari
  7347 | D:7      | Reached skill level 3 in Dodging
  7402 | D:7      | Noticed Joseph
  7653 | D:7      | Reached skill level 4 in Dodging
  7996 | D:3      | Killed Sigmund
  8250 | D:8      | Reached skill level 5 in Dodging
  8263 | D:8      | Reached XP level 10. HP: 41/73 MP: 0/0
  8338 | D:8      | Identified the Codex of Shocking Rime (You found it on
                  | level 1 of the Dungeon)
  8606 | D:8      | Reached ** piety under Ashenzari
  8610 | D:8      | Found a viscous altar of Jiyva.
  8621 | D:8      | Reached skill level 1 in Evocations
  9350 | D:9      | Found Pobb's Book Boutique.
  9477 | D:9      | Reached skill level 6 in Dodging
  9675 | D:9      | Noticed a seven-headed hydra
  9801 | D:9      | Killed a seven-headed hydra
 10097 | D:10     | Entered Level 10 of the Dungeon
 10213 | D:10     | Found Xoef's Armour Emporium.
 10213 | D:10     | Found a staircase to the Orcish Mines.
 10287 | D:10     | Noticed a two-headed ogre
 10298 | D:10     | Killed a two-headed ogre
 10299 | D:10     | Reached skill level 7 in Dodging
 10299 | D:10     | Reached XP level 11. HP: 86/86 MP: 0/0
 10299 | D:10     | Learned a level 5 spell: Yara's Violent Unravelling
 10353 | D:10     | Reached *** piety under Ashenzari
 10410 | D:10     | Found a transporter.
 10411 | D:10     | Noticed sammy202020's ghost (journeyman MiFi)
 10412 | D:10     | Noticed a two-headed ogre
 10420 | D:10     | Noticed a two-headed ogre
 10421 | D:10     | Identified the +1 great mace "Ekot" {pain, Int+6}
 10421 | D:10     | Noticed a two-headed ogre
 10424 | D:10     | Noticed a two-headed ogre
 10428 | D:10     | Noticed a two-headed ogre
 10624 | D:10     | Found a staircase to the Lair.
 10795 | D:10     | Found a white marble altar of Elyvilon.
 10880 | D:11     | Found Ytarics's Weapon Emporium.
 10981 | D:11     | Noticed a boulder beetle
 11214 | D:11     | Noticed a manticore
 11240 | D:11     | Found a runed translucent door.
 11273 | Lair:1   | Entered Level 1 of the Lair of Beasts
 11364 | Lair:1   | Noticed a five-headed hydra
 11375 | Lair:1   | Killed a five-headed hydra
 11376 | Lair:1   | Reached skill level 8 in Dodging
 11421 | Lair:1   | Reached skill level 9 in Dodging
 11560 | Lair:1   | Noticed a five-headed hydra
 11567 | Lair:1   | Killed a five-headed hydra
 11973 | Lair:1   | Reached **** piety under Ashenzari
 12226 | Lair:2   | Reached XP level 12. HP: 82/96 MP: 0/0
 12337 | Lair:2   | Found a staircase to the Snake Pit.
 12353 | Lair:2   | Noticed a catoblepas
 12383 | Lair:2   | Killed a catoblepas
 12420 | Lair:2   | Reached skill level 10 in Dodging
 12469 | Lair:2   | Identified the +4 morningstar of Certain Death {flame,
                  | rPois rF+ Int+3}
 12488 | Lair:2   | Noticed Gastronok
 12644 | Lair:2   | Reached ***** piety under Ashenzari
 12791 | Lair:2   | Reached skill level 10 in Fighting
 13505 | Lair:3   | Noticed Snorg
 13988 | Lair:4   | Reached skill level 11 in Dodging
 13988 | Lair:4   | Reached XP level 13. HP: 106/108 MP: 0/0
 13988 | Lair:4   | Learned a level 5 spell: Borgnjor's Vile Clutch
 14123 | Lair:4   | Found a dark tunnel.
 14132 | Volcano  | Entered a volcano
 14731 | Volcano  | Reached skill level 12 in Dodging
 15483 | Lair:4   | Found a staircase to the Shoals.
 15879 | Lair:5   | Noticed a seven-headed hydra
 15881 | Lair:5   | Reached skill level 13 in Dodging
 15886 | Lair:5   | Killed a seven-headed hydra
 15891 | Lair:5   | Reached XP level 14. HP: 106/121 MP: 0/0
 16048 | Lair:5   | Found a staircase to the Slime Pits.
 16049 | Lair:5   | Found a viscous altar of Jiyva.
 16203 | Lair:5   | Noticed Urug
 16210 | Lair:5   | Killed Urug
 16516 | Lair:6   | Entered Level 6 of the Lair of Beasts
 17415 | Lair:6   | Reached skill level 14 in Dodging
 17696 | Lair:6   | Reached skill level 15 in Fighting
 17961 | Lair:6   | Reached XP level 15. HP: 125/132 MP: 0/0
 17961 | Lair:6   | Learned a level 6 spell: Statue Form
 18528 | D:7      | Found a glowing golden altar of the Shining One.
 18593 | D:7      | Killed Joseph
 18750 | D:3      | Killed Crazy Yiuf
 18945 | D:11     | Found a burning altar of Makhleb.
 19022 | D:11     | Found a portal to a secret trove of treasure.
 20095 | Orc:1    | Entered Level 1 of the Orcish Mines
 20174 | Orc:2    | Entered Level 2 of the Orcish Mines
 20227 | Orc:2    | Reached skill level 15 in Dodging
 20353 | Orc:2    | Found a staircase to the Elven Halls.
 20958 | Orc:2    | Found Toupp's Antique Weapon Boutique.
 20958 | Orc:2    | Found Manourch's Distillery.
 20959 | Orc:2    | Found Haum's Weapon Shop.
 20962 | Orc:2    | Found Kussaa's Armour Boutique.
 21819 | D:13     | Noticed Josephine
 22089 | D:13     | Noticed an ironbound preserver
 22103 | D:13     | Killed an ironbound preserver
 22167 | D:13     | Reached skill level 16 in Dodging
 22168 | D:13     | Killed Josephine
 22187 | D:13     | Found a gate to the Vaults.
 22488 | D:14     | Found a glowing golden altar of the Shining One.
 22517 | D:14     | Reached XP level 16. HP: 140/141 MP: 0/0
 22752 | D:14     | Noticed a storm dragon
 23057 | D:15     | Entered Level 15 of the Dungeon
 23427 | D:15     | Noticed Nessos
 23490 | D:15     | Killed Nessos
 23611 | D:15     | Noticed Louise
 23778 | D:15     | Found a staircase to the Depths.
 24216 | D:15     | Upgraded the game from 0.29-a0-821-g66395355a5 to
                  | 0.29-a0-823-gc37b1572da
 24446 | Lair:2   | Killed Gastronok
 24447 | Lair:2   | Reached skill level 5 in Evocations
 24494 | Snake:1  | Entered Level 1 of the Snake Pit
 24554 | Snake:1  | Noticed buhh's ghost (journeyman FeTm)
 24555 | Snake:1  | Found a bloodstained altar of Trog.
 24881 | Snake:1  | Noticed Aizul
 24901 | Snake:1  | Killed Aizul
 25151 | Snake:1  | Found a transporter.
 25158 | Snake:1  | Reached skill level 17 in Dodging
 25159 | Snake:1  | Found a transporter.
 25251 | Snake:1  | Noticed Nikola
 25332 | Snake:1  | Found Qufodus's Book Emporium.
 25526 | Snake:2  | Found Toewoapo's Distillery.
 25526 | Snake:2  | Found Deseast's Magic Scroll Boutique.
 25740 | Snake:2  | Reached XP level 17. HP: 148/151 MP: 0/0
 25740 | Snake:2  | Learned a level 7 spell: Summon Hydra
 26924 | Snake:4  | Entered Level 4 of the Snake Pit
 26979 | Snake:4  | Reached skill level 18 in Dodging
 27736 | Snake:4  | Found Wise's Jewellery Emporium.
 27736 | Snake:4  | Found Ottuta's Book Shop.
 27737 | Snake:4  | Found Oroy's Book Shop.
 28312 | Snake:4  | Reached XP level 18. HP: 160/160 MP: 0/0
 28380 | Snake:4  | Reached skill level 10 in Spellcasting
 28951 | Snake:4  | Reached skill level 19 in Dodging
 29027 | Snake:4  | Got a serpentine rune of Zot
 29535 | Lair:3   | Killed Snorg
 30120 | Shoals:1 | Entered Level 1 of the Shoals
 30139 | Shoals:1 | Noticed Mlioglotl
 30269 | Shoals:1 | Killed Mlioglotl
 31051 | Shoals:1 | Noticed Jorgrun
 31067 | Shoals:1 | Killed Jorgrun
 31409 | Shoals:2 | Reached XP level 19. HP: 169/169 MP: 0/0
 31409 | Shoals:2 | Learned a level 6 spell: Iron Shot
 32462 | Shoals:3 | Identified the +0 scale mail of Bulao {-Cast rPois rCorr
                  | Str+3}
 32594 | Shoals:3 | Noticed Polyphemus
 32616 | Shoals:3 | Killed Polyphemus
 32867 | Shoals:3 | Found Xadaefiz's Distillery.
 32897 | Shoals:3 | Reached skill level 10 in Ranged Weapons
 33606 | Shoals:4 | Entered Level 4 of the Shoals
 33682 | Shoals:4 | Identified the amulet "Hoohuisk" {Spirit rN+ Str+2}
 33745 | Shoals:4 | Identified Perau's Directory of the Crypt and Sculpting
 34807 | Shoals:4 | Got a barnacled rune of Zot
 35078 | D:10     | Upgraded the game from 0.29-a0-823-gc37b1572da to
                  | 0.29-a0-824-gd827844252
 35182 | Vaults:1 | Entered Level 1 of the Vaults
 35338 | Vaults:1 | Reached XP level 20. HP: 166/178 MP: 0/0
 38291 | Elf:1    | Entered Level 1 of the Elven Halls
 38550 | Elf:1    | Identified the Teachings on Bolts
 38867 | Elf:1    | Reached XP level 21. HP: 182/184 MP: 0/0
 38867 | Elf:1    | Learned a level 7 spell: Spellforged Servitor
 39793 | Elf:2    | Found a runed translucent gate.
 39809 | Elf:2    | Found a runed translucent gate.
 39809 | Elf:2    | Found a runed translucent gate.
 40004 | Elf:2    | Noticed Zenata
 40047 | Elf:3    | Entered Level 3 of the Elven Halls
 40105 | Elf:3    | Found Noull's Distillery.
 40348 | Elf:3    | Reached skill level 15 in Ranged Weapons
 40446 | Elf:3    | Acquired 1095 gold pieces
 40502 | Elf:3    | Identified the +1 scale mail of Zin's Pride {rF+ rCorr}
 41123 | Elf:3    | Identified the ring "Enuxuehu" {rPois Int+6}
 41295 | Elf:3    | Identified the +5 mace of Fate {vamp, rElec rF+ SInv}
 41371 | Elf:3    | Found the +9 heavy crossbow "Sniper" {vorpal, Acc+∞ SInv}
 41375 | Elf:3    | Identified the +3 helmet "Damnable Contraption" {rElec
                  | Int-5 Stlth+}
 42403 | Vaults:2 | Reached XP level 22. HP: 187/187 MP: 0/0
 43538 | Vaults:2 | Found a staircase to the Crypt.
 43539 | Vaults:2 | Found a basalt altar of Yredelemnul.
 43614 | Vaults:2 | Found a large runed translucent door.
 43614 | Vaults:2 | Found a large runed translucent door.
 43618 | Vaults:2 | Noticed zhov's ghost (adept FoFi)
 43618 | Vaults:2 | Identified the +1 scimitar of Idditon {holy, *Slow rPois
                  | Will++ Str+3}
 44678 | Vaults:3 | Reached XP level 23. HP: 195/195 MP: 0/0
 44678 | Vaults:3 | Learned a level 8 spell: Discord
 45845 | Vaults:4 | Identified the Treatise on Illusion
 46910 | Depths:1 | Entered Level 1 of the Depths
 46937 | Depths:1 | Found a glowing silver altar of Zin.
 47244 | Depths:1 | Found Niucakavvu's Antique Weapon Emporium.
 47274 | Depths:1 | Found Hyurchaip's General Store.
 47365 | Depths:1 | Reached XP level 24. HP: 197/202 MP: 0/0
 47375 | Depths:1 | Found a gateway to Hell.
 47996 | Depths:2 | Found a one-way gate to the infinite horrors of the Abyss.
 48150 | Depths:2 | Identified the +7 quarterstaff of Calculation {elec, rCorr}
 48155 | Depths:2 | Identified the +3 trident "Daakug" {flame, rCorr}
 48605 | Depths:2 | Noticed a golden dragon
 48782 | Depths:2 | Found a one-way gate leading to the halls of Pandemonium.
 49032 | Depths:2 | Noticed Asterion
 49045 | Depths:2 | Killed a golden dragon
 49048 | Depths:2 | Killed Asterion
 49157 | Depths:2 | Identified the +6 great mace "Killer Klown's Bane" {speed,
                  | rC+ Will+}
 49653 | Depths:3 | Identified the ring "Bofien" {rPois rC- Will++ AC+4}
 49714 | Depths:3 | Noticed a golden dragon
 49718 | Depths:3 | Killed a golden dragon
 49855 | Depths:3 | Noticed Saint Roka
 49882 | Depths:3 | Killed Saint Roka
 50039 | Depths:3 | Identified the +3 hand axe of Equilibrium {freeze, Dex+6}
 50049 | Depths:3 | Noticed a juggernaut
 50055 | Depths:3 | Killed a juggernaut
 50126 | Depths:3 | Reached XP level 25. HP: 208/208 MP: 0/0
 50126 | Depths:3 | Learned a level 8 spell: Borgnjor's Revivification
 50209 | Depths:3 | Noticed a caustic shrike
 50218 | Depths:3 | Killed a caustic shrike
 50219 | Depths:3 | Reached skill level 20 in Dodging
 50252 | Depths:3 | Identified the +9 great sword "Tahat" {speed, Str+4}
 50520 | Depths:3 | Found a hide-covered altar of Uskayaw.
 50798 | Depths:3 | Identified Ysoe's Incunabulum of Enchantment
 51139 | Depths:4 | Entered Level 4 of the Depths
 51355 | Depths:4 | Reached skill level 15 in Spellcasting
 51407 | Depths:4 | Found a one-way gateway to a ziggurat.
 51627 | Depths:4 | Found a gate to the Realm of Zot.
 51846 | Depths:4 | Noticed a caustic shrike
 51848 | Depths:4 | Noticed a caustic shrike
 51848 | Depths:4 | Killed a caustic shrike
 51849 | Depths:4 | Noticed a caustic shrike
 51849 | Depths:4 | Noticed a caustic shrike
 51851 | Depths:4 | Noticed a caustic shrike
 51924 | Depths:4 | Killed a caustic shrike
 51931 | Depths:4 | Killed a caustic shrike
 51963 | Depths:4 | Killed a caustic shrike
 51988 | Depths:4 | Killed a caustic shrike
 52062 | Depths:4 | Reached skill level 21 in Dodging
 52688 | Vaults:5 | Entered Level 5 of the Vaults
 52699 | Vaults:5 | Noticed an ancient lich
 52725 | Vaults:5 | Reached XP level 26. HP: 213/217 MP: 0/0
 52730 | Vaults:5 | Killed an ancient lich
 53154 | Vaults:5 | Noticed an ancient lich
 53194 | Vaults:5 | Killed an ancient lich
 53580 | Vaults:5 | Identified the +10 quarterstaff "Dorulanar" {drain, Will++
                  | Str-3 Int+4}
 53687 | Vaults:5 | Found Nurasesi's Magic Scroll Boutique.
 53746 | Vaults:5 | Identified the +5 spear "Dirph" {flame, Str+4 Dex+8}
 53777 | Vaults:5 | Reached skill level 22 in Dodging
 53893 | Vaults:5 | Noticed a dread lich
 53898 | Vaults:5 | Killed a dread lich
 53936 | Vaults:5 | Got a silver rune of Zot
 54340 | Vaults:5 | Found the +0 staff of Battle
 54380 | Vaults:5 | Identified the +1 scale mail "Kyepnioja" {rF+ Regen+ Int+3}
 54545 | Vaults:5 | Bought a scroll of vulnerability for 142 gold pieces
 54545 | Vaults:5 | Bought a scroll of fear for 66 gold pieces
 54545 | Vaults:5 | Bought a scroll of fog for 38 gold pieces
 55294 | Crypt:1  | Entered Level 1 of the Crypt
 55584 | Crypt:1  | Reached XP level 27. HP: 220/220 MP: 0/0
 55584 | Crypt:1  | Learned a level 9 spell: Death's Door
 55778 | Crypt:1  | Reached skill level 23 in Dodging
 55909 | Crypt:1  | Identified the cursed +2 robe "Overhang to Understand"
                  | {Will+, Range, Cun} (You took it off a wight on level 8 of
                  | the Dungeon)
 56115 | Crypt:1  | Identified the amulet of Butchery {RegenMP rC- Int+6}
 56582 | Crypt:2  | Noticed Khufu
 57151 | Crypt:3  | Entered Level 3 of the Crypt
 57491 | Crypt:3  | Found a staircase to the Tomb.
 57730 | Crypt:3  | Noticed Boris
 57733 | Crypt:3  | Killed Boris
 57821 | Crypt:3  | Reached skill level 24 in Dodging
 58177 | Crypt:3  | Found a basalt altar of Yredelemnul.
 58182 | Crypt:3  | Identified the ring "Jaimiom" {rN+ Int+4 Dex-2 Slay+6}
 58182 | Crypt:3  | Identified the Catalogue of Gloom
 58211 | Crypt:3  | Identified the ring "Waqoitti" {rN+ Int+3}
 58211 | Crypt:3  | Identified the ring "Kanov" {rN+ Str+4}
 58710 | Zot:1    | Entered Level 1 of the Realm of Zot
 59580 | Zot:5    | Entered Level 5 of the Realm of Zot
 59815 | Zot:5    | Reached ****** piety under Ashenzari
 59839 | Zot:5    | Found Gusas's CLEARANCE SALE!.
 59963 | Zot:5    | Reached skill level 1 in Armour
 60021 | Zot:5    | Noticed an ancient lich
 60036 | Zot:5    | Killed an ancient lich
 60051 | Zot:5    | Noticed an orb of fire
 60052 | Zot:5    | Noticed a Killer Klown
 60054 | Zot:5    | Killed an orb of fire
 60061 | Zot:5    | Killed a Killer Klown
 60063 | Zot:5    | Noticed a Killer Klown
 60067 | Zot:5    | Killed a Killer Klown
 60117 | Zot:5    | Noticed a Killer Klown
 60227 | Zot:5    | Killed a Killer Klown
 60304 | Zot:5    | Identified the cursed +2 robe of Ashenzari's Oblivion {rC+
                  | rF+, Range, Cun} (You took it off Josephine on level 13 of
                  | the Dungeon)
 60539 | Zot:5    | Noticed an orb of fire
 60554 | Zot:5    | Noticed an orb of fire
 60557 | Zot:5    | Gained mutation: You have hidden genetic defects. [an orb
                  | of fire]
 60557 | Zot:5    | Gained mutation: Armour fits poorly on your strangely
                  | shaped body. [an orb of fire]
 60563 | Zot:5    | Killed an orb of fire
 60567 | Zot:5    | Killed an orb of fire
 60764 | Zot:5    | Got the Orb of Zot
 60811 | Zot:5    | Noticed a dread lich
 60815 | Zot:5    | Killed a dread lich
 61258 | D:4      | Noticed Cisett the pandemonium lord
 61337 | D:$      | Escaped with the Orb!

Illustrated notes

Levels and vault maps discovered:
D:1:      elethiomel_arrival_quiet, layout_basic,
          shapermc_ecumenical_altar_notcrosses, minmay_pentomino_t2
D:2:      layout_basic, grunt_ministairs_13, nrook_mini_backslash,
          hex_intersection, minmay_misc_feat_tower
D:3:      wad_crossroads, layout_loops_cross, uniq_terence,
          uniq_crazy_yiuf_cottage, uniq_sigmund
D:4:      layout_basic, nicolae_overflow_hidden_temple,
          minmay_temple_entry_stoned_glass, serial_shops, shop
D:5:      layout_rooms, mainiacjoe_overflow_24_doors,
          minmay_overflow_temple_star_quad, serial_shops, shop, uniq_eustachio
D:6:      layout_rooms, riverfiend_overflow_shadow_ancestor,
          mainiacjoe_overflow_paths
D:7:      layout_loops_ring, jmf_multi_god_temple2,
          eino_small_chamber_without_monster, uniq_joseph
D:8:      layout_loops_ring, jiyva_altar_1
D:9:      layout_gridville, serial_shops, nicolae_take_the_stairs,
          hangedman_abyss_or_decor_lesser_grid, hangedman_decor_lopped,
          minmay_misc_feat_four_crosses
D:10:     layout_cave_pools, kennysheep_mini, dpeg_oklobed_lair, orc_david_3,
          gammafunk_ghost_smash
D:11:     layout_big_octagon, serial_shops, nicolae_shop_trees, enter_trove_3,
          nicolae_danse_macabre
D:12:     layout_roguey
D:13:     layout_loops_ring, skrybe_vaults_entry_preservation, st_stairs_8,
          uniq_josephine
D:14:     kennysheep_scales, layout_cave_pools, nicolae_tso_carved_into_rock
D:15:     gammafunk_depths_entry_grave, layout_basic,
          chequers_serial_rivers_micro_e, uniq_nessos, uniq_louise
Temple:   nicolae_temple_ecumenical_triangle
Lair:1:   layout_loops_ring, infiniplex_staircase_pool_2, grunt_megastairs_1
Lair:2:   layout_regular_city, minmay_snake_entry_guardpost_small,
          uniq_gastronok
Lair:3:   regret_index_combs_of_tragedy, layout_chaotic_city,
          grunt_forest_small_clearing_treed, serial_bayou_shore_b,
          grunt_megastairs_3, serial_bayou_shore_b, infiniplex_staircase_pool,
          uniq_snorg
Lair:4:   layout_layer_cave, minmay_shoals_entry_hut,
          nicolae_volcano_entry_batcave, lemuel_fruit_fields
Lair:5:   layout_cellular_growth, slime_entry_1, serial_bayou_shore_b, uniq_urug
Lair:6:   evilmike_catoblepas_cave, layout_regular_city,
          chequers_serial_rivers_large_b, st_stairs_7
Shoals:1: layout_shoals, uniq_jorgrun, uniq_mlioglotl
Shoals:2: layout_shoals, lemuel_oklob_altar
Shoals:3: layout_shoals, serial_shops, nicolae_shop_advertising_works
          [nicolae_subvault_shop_adworks], uniq_polyphemus
Shoals:4: shoals_end_simple, layout_shoals, nicolae_shoals_nautilus_by_nature,
          ldierk_geyser
Snake:1:  layout_onion, serial_shops, nicolae_square_shop,
          gammafunk_ghost_wrathful_warriors, uniq_aizul, uniq_nikola
Snake:2:  layout_rooms, nicolae_snake_lava_pool, minmay_shoptagon
Snake:3:  layout_rooms
Snake:4:  johnstein_snake_rune_scales, layout_chambers, nrook_loot_triangle,
          serial_bayou_pond_e, minmay_shop_grove
Orc:1:    layout_caves, nicolae_orc_rockfall
Orc:2:    st_orc_mages, layout_diamond_mine
Elf:1:    layout_loops_corners, minmay_elf_annihilation,
          nicolae_elf_martial_mastery
Elf:2:    nicolae_elf_blades_splatter_lattice
          [nicolae_blade_entry_area_security], layout_geoelf_octagon,
          serial_sigils, serial_sigils_hangedman_gnaw,
          serial_sigils_hangedman_stare, serial_sigils_hangedman_quiver,
          serial_sigils_hangedman_scar, serial_sigils_hangedman_writhe,
          patterned_corridor, uniq_zenata
Elf:3:    grunt_elf_hall_asides, layout_gridlike, serial_shops,
          nicolae_diamond_shop
Vaults:1: v_misc_32, dpeg_vaults_monster_box, hangedman_vaults_pinch,
          vaults_mumra_minichess_inversion, vaults_dpeg_ring,
          nicolae_vaults_diagonal_hallway_8, vaults_dpeg_encased_lava,
          vaults_room_guarded_vault, layout_vaults_quadrants
Vaults:2: ebering_ghost_disaster_area, minmay_crypt_entry_necro_gods, v_misc_17,
          nicolae_vaults_circle_grid_b, v_pattern_4, grunt_vaults_funnel,
          v_misc_5, vaults_room_octagon, vaults_room_hallway,
          nicolae_vaults_stairing_the_circle, vaults_room_ringed_pool,
          hangedman_vaults_corner, st_octagons_2, hangedman_vaults_hat,
          layout_vaults_maze_bifur
Vaults:3: nicolae_vaults_little_squares_3, nicolae_vaults_network_periphery,
          nicolae_vaults_an_arrangement, v_pattern_2, vaults_dpeg_hooks,
          hangedman_vaults_impose, vaults_standard_mumra_enter_the_diamond,
          grunt_vaults_diagonal, vaults_room_pool, hangedman_vaults_capsules,
          nicolae_vaults_angled_halls, nicolae_vaults_little_squares_2,
          layout_vaults_big_room
Vaults:4: nicolae_vaults_branching_niches, ontoclasm_vaults_loading_screen,
          ontoclasm_vaults_loading_screen, hangedman_vaults_stitches, v_rooms_2,
          ontoclasm_vaults_pinch, nicolae_vaults_yaktaur_gun_rack,
          vaults_dpeg_diagonal, layout_vaults_ring
Vaults:5
Crypt:1:  layout_gridlike, minmay_misc_feat_rows, hangedman_summoners_spam,
          grunt_megastairs_4
Crypt:2:  layout_misc_corridors, grunt_megastairs_2, uniq_khufu
Crypt:3:  lightli_unholy_cathedral, layout_chaotic_city,
          tomb_entry_simple_bobbens, st_stairs_5, uniq_boris
Depths:1: layout_honeycomb, serial_shops, shop, hellmouth_3,
          kennysheep_decorative_pillar, zin_angel, minmay_shop_star
Depths:2: minmay_distorted_concentric_squares, layout_gridville, hell_entry,
          hangedman_abyss_entry_splay, pan_entry, serial_bayou_pond_b,
          hellmonk_guarded_unrand_dark_maul, infiniplex_staircase_squiggle,
          uniq_asterion
Depths:3: minmay_the_grid_net [minmay_the_grid_pillar_ring,
          minmay_the_grid_minigrid_small, minmay_the_grid_dragon_b,
          minmay_the_grid_plusring, minmay_the_grid_medium_cups,
          minmay_the_grid_prize_trominoes], layout_gridlike,
          rand_demon_pan_entry_3, hell_entry, abyss_entry,
          nicolae_uskayaw_en_pointe, kiku_gazebo_garden_becter, uniq_saint_roka
Depths:4: grunt_twist_and_shout, layout_cave_shapes, enter_ziggurat_b,
          nicolae_sextant, hell_entry
Zot:1:    layout_misc_corridors, grunt_megastairs_5, uniq_josephina
Zot:2:    layout_misc_corridors, uniq_tiamat
Zot:3:    layout_gridlike
Zot:4:    lemuel_draconian_sentries, layout_cathedral_of_symmetry,
          gammafunk_ghost_tricky_traps
Zot:5:    layout_gridlike, nicolae_shop_clearance

Skill      XL: |  1  2  3  4  5  6  7  8  9 10 11 12 13 14 15 16 17 18 19 20 21 22 23 24 25 26 27 |
---------------+----------------------------------------------------------------------------------+-----
Spellcasting   | 3 4 5 6 7 8 9 10 11 12 14 15 16 18 | 18.7
Fighting       | 1 2 3 4 5 6 8 10 13 15 16 18 19 20 21 22 | 22.6
Ranged Weapons | 1 2 4 5 6 7 8 9 11 13 16 19 20 21 22 | 22.8
Dodging        | 5 7 9 11 13 14 16 17 18 19 21 22 24 | 24.6
Evocations     | 2 4 6 7 |  7.6
Armour         | 2 |  2.2
Stealth        | |  1.5

Action                   |  1- 3 |  4- 6 |  7- 9 | 10-12 | 13-15 | 16-18 | 19-21 | 22-24 | 25-27 || total
-------------------------+-------+-------+-------+-------+-------+-------+-------+-------+-------++-------
Melee: Flail             |       |     1 |       |       |       |       |       |       |       ||     1
 Fire: Sling             |       |    55 |   157 |   494 |  1051 |  1636 |   852 |       |       ||  4245
       Heavy crossbow    |       |       |       |       |       |       |    29 |   545 |   909 ||  1483
 Cast: Foxfire           |    50 |     8 |       |    29 |     9 |       |       |       |       ||    96
       Scorch            |     9 |    16 |     6 |    42 |    21 |     1 |       |       |       ||    95
       Necrotise         |     2 |     5 |       |       |       |       |       |       |       ||     7
       Conjure Flame     |       |     1 |     5 |    23 |     6 |       |       |       |       ||    35
       Poisonous Vapours |       |     2 |    54 |    23 |    86 |    10 |       |       |       ||   175
       Inner Flame       |       |       |     1 |     8 |    22 |     2 |       |       |       ||    33
       Flame Wave        |       |       |     1 |     2 |     1 |       |       |       |       ||     4
       Sticky Flame      |       |       |       |    16 |    23 |     4 |       |       |       ||    43
       Borgnjor's Vile C |       |       |       |       |    83 |   184 |   205 |    72 |    49 ||   593
       Yara's Violent Un |       |       |       |       |       |    14 |     4 |    12 |     8 ||    38
       Summon Hydra      |       |       |       |       |       |    41 |   133 |    15 |     5 ||   194
       Iron Shot         |       |       |       |       |       |       |    12 |       |       ||    12
       Spellforged Servi |       |       |       |       |       |       |    28 |    88 |   116 ||   232
       Discord           |       |       |       |       |       |       |       |     5 |    12 ||    17
       Statue Form       |       |       |       |       |       |       |       |       |     8 ||     8
Invok: Curse Item        |       |       |     2 |     5 |     1 |       |       |     1 |     3 ||    12
       Shatter the Chain |       |       |       |       |       |       |     2 |       |     3 ||     5
 Abil: End Transformatio |       |       |       |       |       |       |       |       |     2 ||     2
Evoke: Wand              |       |       |       |     4 |       |     2 |     2 |       |     5 ||    13
       Condenser vane    |       |       |       |       |       |       |       |       |     1 ||     1
       Tin of tremorston |       |       |       |       |       |       |       |       |     2 ||     2
       Box of beasts     |       |       |       |       |       |       |       |       |     1 ||     1
  Use: Scroll            |     1 |     6 |     9 |     1 |     2 |     4 |     5 |       |    12 ||    40
       Potion            |       |       |       |       |       |       |     5 |     1 |     8 ||    14
Armor: Robe              |       |     7 |     5 |    10 |    21 |    27 |    12 |    12 |    12 ||   106
       Skin              |       |       |       |       |       |       |       |       |    13 ||    13
Dodge: Dodged            |       |    29 |    59 |    82 |   151 |   390 |   213 |   243 |   335 ||  1502
Block: Buckler           |       |       |       |     9 |    42 |    91 |    36 |       |       ||   178

Table legend: (Time is in decaauts)
 A = Elapsed time spent in this place.
 B = Non-inter-level travel time spent in this place.
 C = Inter-level travel time spent in this place.
 D = Time resting spent in this place.
 E = Time spent auto-exploring this place.
 F = Levels seen in this place.
 G = Mean time per level.
                   A        B        C        D        E       F      G
               +--------+--------+--------+--------+--------+-----+--------+
         Total |  60194 |  54814 |   5380 |   6920 |  15942 |  53 | 1135.7 |
       Dungeon |  16617 |  14379 |   2238 |   2554 |   7536 |  15 | 1107.8 |
        Temple |     48 |     38 |     10 |      0 |      0 |   1 |   48.0 |
          Lair |   7153 |   6530 |    623 |    501 |   3021 |   6 | 1192.2 |
        Shoals |   4412 |   4209 |    203 |    443 |   1435 |   4 | 1103.0 |
     Snake Pit |   4462 |   4295 |    167 |    392 |    714 |   4 | 1115.5 |
  Orcish Mines |    942 |    842 |    100 |     31 |    200 |   2 |  471.0 |
   Elven Halls |   3353 |   3261 |     92 |    425 |    380 |   3 | 1117.7 |
        Vaults |  11116 |   9958 |   1158 |   1363 |   1088 |   5 | 2223.2 |
         Crypt |   3376 |   3105 |    271 |    297 |    901 |   3 | 1125.3 |
        Depths |   5973 |   5509 |    464 |    508 |    591 |   4 | 1493.2 |
           Zot |   2150 |   2100 |     50 |    299 |     76 |   5 |  430.0 |
       Volcano |    587 |    587 |      0 |    104 |      0 |   1 |  587.0 |
               +--------+--------+--------+--------+--------+-----+--------+

Top non-repeatable levels by time:
Vaults:1: 3295 daAuts
Vaults:5: 2475 daAuts
Vaults:2: 2288 daAuts
 Snake:4: 2174 daAuts
Depths:3: 1883 daAuts
Vaults:4: 1833 daAuts
  Lair:6: 1664 daAuts
   Elf:3: 1623 daAuts
Depths:2: 1601 daAuts
     D:2: 1460 daAuts
    D:13: 1453 daAuts
     D:3: 1447 daAuts
 Crypt:1: 1413 daAuts
Depths:4: 1331 daAuts
  Lair:3: 1321 daAuts
